A+ CENTRAL
BELOIT SNAPPERS @ PEORIA CHIEFS
06/11/2042
 
TOP OF THE 1ST
Beloit Snappers batting - Pitching for Peoria Chiefs : RHP José Apellaniz
Pitching: RHP José Apellaniz
Batting: LHB Alfredo Ramos 0-0: Ball
1-0: Bunt for hit to P - play at first, batter OUT! 1-3
Batting: RHB Reggie Webster 0-0: SINGLE (Line Drive, 9S, EV 88.8 MPH)
Batting: RHB Ben Schneider Pickoff Throw to First - Out! 1-3
0-0: DOUBLE (Line Drive, 5D, EV 93.8 MPH)
Batting: RHB Merlin Lucas 0-0: Ball
1-0: Ball
2-0: Ground out 5-3 (Groundball, 56S, EV 93.1 MPH)
Top of the 1st over - 0 runs, 2 hits, 0 errors, 1 left on base; Beloit 0 - Peoria 0
BOTTOM OF THE 1ST
Peoria Chiefs batting - Pitching for Beloit Snappers : LHP Tony Baxter
Pitching: LHP Tony Baxter
Batting: RHB Greg Thompson 0-0: Ball
1-0: Ground out 4-3 (Groundball, 4, EV 79.4 MPH)
Batting: RHB Luis Rodríguez 0-0: Called Strike
0-1: Ball
1-1: Called Strike
1-2: Ball
2-2: Foul Ball, location: 2F
2-2: Foul Ball, location: 2F
2-2: Fly out, F9 (Line Drive, 9LM, EV 104.4 MPH)
Batting: SHB Wilson Gómez 0-0: Ball
1-0: Swinging Strike
1-1: Ball
2-1: Ball
3-1: Base on Balls
Batting: RHB Walt Nelson 0-0: Fly out, F9 (Flyball, 89D, EV 102.5 MPH)
Bottom of the 1st over - 0 runs, 0 hits, 0 errors, 1 left on base; Beloit 0 - Peoria 0
TOP OF THE 2ND
Beloit Snappers batting - Pitching for Peoria Chiefs : RHP José Apellaniz
Batting: RHB Freddy Murphy 0-0: Ball
1-0: Called Strike
1-1: Called Strike
1-2: Ground out 6-3 (Groundball, 6, EV 93.8 MPH)
Batting: RHB Norberto Costello 0-0: Ball
1-0: Ball
2-0: Ground out 5-3 (Groundball, 56S, EV 90.0 MPH)
Batting: LHB Manny Huertas 0-0: Ball
1-0: Ball
2-0: Swinging Strike
2-1: Called Strike
2-2: Strikes out swinging
Top of the 2nd over - 0 runs, 0 hits, 0 errors, 0 left on base; Beloit 0 - Peoria 0
BOTTOM OF THE 2ND
Peoria Chiefs batting - Pitching for Beloit Snappers : LHP Tony Baxter
Batting: RHB Dan Fletcher 0-0: Foul Ball, location: 2F
0-1: Ball
1-1: Foul Ball, location: 3F
1-2: Ball
2-2: Ball
3-2: Strikes out swinging
Batting: RHB Adrián Ramírez 0-0: Swinging Strike
0-1: Ball
1-1: Hit by Pitch
Batting: RHB Ron Booker 0-0: Ball
1-0: Ball
2-0: Swinging Strike
2-1: Ball
3-1: Swinging Strike
3-2: Base on Balls
Adrián Ramírez to second
Batting: RHB Ken Dunn 0-0: Ball
Adrián Ramírez steals 3rd base
1-0: Swinging Strike
1-1: Fly out, F8 (Flyball, 8LD, EV 106.9 MPH)
Runner from 3rd tags up, OUT at HOME! 8-2
Bottom of the 2nd over - 0 runs, 0 hits, 0 errors, 1 left on base; Beloit 0 - Peoria 0
TOP OF THE 3RD
Beloit Snappers batting - Pitching for Peoria Chiefs : RHP José Apellaniz
Batting: RHB Devin Ellis 0-0: Called Strike
0-1: Ball
1-1: Ball
2-1: Swinging Strike
2-2: Ball
3-2: Strikes out swinging
Batting: SHB Pepe Ramos 0-0: Called Strike
0-1: Called Strike
0-2: Strikes out swinging
Batting: LHB Alfredo Ramos 0-0: Ball
1-0: Foul Ball, location: 23F
1-1: Ball
2-1: Foul Ball, location: 2F
2-2: Foul Ball, location: 23F
2-2: DOUBLE (Line Drive, 78M, EV 103.1 MPH)
Batting: RHB Reggie Webster 0-0: Called Strike
0-1: Foul Ball, location: 23F
0-2: Fly out, F8 (Flyball, 8LD, EV 108.1 MPH)
Top of the 3rd over - 0 runs, 1 hit, 0 errors, 1 left on base; Beloit 0 - Peoria 0
BOTTOM OF THE 3RD
Peoria Chiefs batting - Pitching for Beloit Snappers : LHP Tony Baxter
Batting: LHB Kris Reynolds 0-0: Foul Ball, location: 3SF
0-1: Fly out, F9 (Flyball, 9S, EV 87.5 MPH)
Batting: RHB Greg Thompson 0-0: DOUBLE (Line Drive, 78D, EV 110.6 MPH)
Batting: RHB Luis Rodríguez 0-0: Called Strike
0-1: Ball
1-1: Foul Ball, location: 5F
1-2: Ball
2-2: Foul Ball, location: 5F
2-2: Ground out 5-3 (Groundball, 56S, EV 84.4 MPH)
Greg Thompson to third
Batting: SHB Wilson Gómez 0-0: Called Strike
0-1: Ball
1-1: Ball
2-1: Foul Ball, location: 9LDF
2-2: Ball
3-2: Fly out, F7 (Flyball, 7, EV 99.4 MPH)
Bottom of the 3rd over - 0 runs, 1 hit, 0 errors, 1 left on base; Beloit 0 - Peoria 0
TOP OF THE 4TH
Beloit Snappers batting - Pitching for Peoria Chiefs : RHP José Apellaniz
Batting: RHB Ben Schneider 0-0: Swinging Strike
0-1: Foul Ball, location: 3F
0-2: Ball
1-2: Strikes out swinging
Batting: RHB Merlin Lucas 0-0: Foul Ball, location: 3SF
0-1: Foul Ball, location: 5F
0-2: SINGLE (Line Drive, 6MD, EV 95.0 MPH)
Batting: RHB Freddy Murphy 0-0: Ball
1-0: Ball
2-0: Called Strike
2-1: Ball
3-1: Base on Balls
Merlin Lucas to second
Batting: RHB Norberto Costello 0-0: Ball
1-0: Called Strike
1-1: Foul Ball, location: 2F
1-2: Strikes out swinging
Batting: LHB Manny Huertas 0-0: Ball
1-0: Foul Ball, location: 23F
1-1: Called Strike
1-2: Ball
2-2: Ball
3-2: Strikes out swinging
Top of the 4th over - 0 runs, 1 hit, 0 errors, 2 left on base; Beloit 0 - Peoria 0
BOTTOM OF THE 4TH
Peoria Chiefs batting - Pitching for Beloit Snappers : LHP Tony Baxter
Batting: RHB Walt Nelson 0-0: Ball
1-0: Foul Ball, location: 2F
1-1: Ball
2-1: Ball
3-1: Base on Balls
Batting: RHB Dan Fletcher 0-0: Foul Ball, location: 2F
0-1: Grounds into double play, 4-6-3 (Groundball, 4S, EV 83.1 MPH)
Batting: RHB Adrián Ramírez 0-0: Called Strike
0-1: Ground out 5-3 (Groundball, 15, EV 89.4 MPH)
Bottom of the 4th over - 0 runs, 0 hits, 0 errors, 0 left on base; Beloit 0 - Peoria 0
TOP OF THE 5TH
Beloit Snappers batting - Pitching for Peoria Chiefs : RHP José Apellaniz
Batting: RHB Devin Ellis 0-0: Called Strike
0-1: Ball
1-1: Foul Ball, location: 2F
1-2: Strikes out swinging
Batting: SHB Pepe Ramos 0-0: Called Strike
0-1: Fly out, F9 (Flyball, 89XD, EV 105.6 MPH)
Batting: LHB Alfredo Ramos 0-0: Called Strike
0-1: Ball
1-1: SINGLE (Groundball, 34D, EV 97.5 MPH)
Batting: RHB Reggie Webster 0-0: Ball
Alfredo Ramos steals 2nd base
1-0: Ball
2-0: Fly out, F6 (Line Drive, 6, EV 70.6 MPH)
Top of the 5th over - 0 runs, 1 hit, 0 errors, 1 left on base; Beloit 0 - Peoria 0
BOTTOM OF THE 5TH
Peoria Chiefs batting - Pitching for Beloit Snappers : LHP Tony Baxter
Batting: RHB Ron Booker 0-0: Ball
1-0: Ball
2-0: Swinging Strike
2-1: SINGLE (Groundball, 4MD, EV 105.0 MPH)
Batting: RHB Ken Dunn 0-0: Ball
1-0: Sac Bunt to 3S - play at first, batter safe!
Ron Booker to second
Batting: LHB Kris Reynolds 0-0: Sac Bunt to 15S - play at first, batter OUT! 1-3
Ron Booker to third
Ken Dunn to second
Batting: RHB Greg Thompson 0-0: Ball
1-0: Called Strike
1-1: SINGLE (Groundball, 56S, EV 61.9 MPH) (infield hit)
Ron Booker scores
Ken Dunn to third
Batting: RHB Luis Rodríguez 0-0: Foul Ball, location: 2F
0-1: Ball
1-1: Ball
2-1: Swinging Strike
2-2: Ball
3-2: Strikes out looking
Greg Thompson steals 2nd base (no throw)
Batter strikes out.
Batting: SHB Wilson Gómez 0-0: Ball
1-0: Foul Ball, location: 23FF
1-1: Ball
2-1: Foul Ball, location: 7LSF
2-2: Ball
3-2: Ground out 3-1 (Groundball, 34, EV 88.1 MPH)
Bottom of the 5th over - 1 run, 3 hits, 0 errors, 2 left on base; Beloit 0 - Peoria 1
TOP OF THE 6TH
Beloit Snappers batting - Pitching for Peoria Chiefs : RHP José Apellaniz
Batting: RHB Ben Schneider 0-0: Ball
1-0: Ball
2-0: Called Strike
2-1: Swinging Strike
2-2: Ball
3-2: Foul Ball, location: 9LMFF
3-2: Base on Balls
Batting: RHB Merlin Lucas 0-0: Called Strike
0-1: Called Strike
0-2: Strikes out swinging
Batting: RHB Freddy Murphy 0-0: Fly out, F9 (Flyball, 9S, EV 87.5 MPH)
Batting: RHB Norberto Costello 0-0: Swinging Strike
0-1: Ball
1-1: DOUBLE (Line Drive, 7LS, EV 91.3 MPH)
Ben Schneider to third
Batting: LHB Manny Huertas 0-0: Ball
1-0: Ball
2-0: Called Strike
2-1: Foul Ball, location: 7LMF
2-2: Foul Ball, location: 3F
2-2: Strikes out swinging
Top of the 6th over - 0 runs, 1 hit, 0 errors, 2 left on base; Beloit 0 - Peoria 1
BOTTOM OF THE 6TH
Peoria Chiefs batting - Pitching for Beloit Snappers : LHP Tony Baxter
Batting: RHB Walt Nelson 0-0: Fly out, F9 (Flyball, 89M, EV 89.4 MPH)
Batting: RHB Dan Fletcher 0-0: Ball
1-0: Ball
2-0: Foul Ball, location: 2F
2-1: Foul Ball, location: 9LMF
2-2: Ball
3-2: Base on Balls
Pitching: LHP Ethan Hale
Batting: RHB Adrián Ramírez 0-0: Ball
1-0: Called Strike
1-1: Ball
2-1: Ball
3-1: Base on Balls
Dan Fletcher to second
Batting: RHB Ron Booker 0-0: Ball
1-0: Ball
2-0: Ball
3-0: Called Strike
3-1: SINGLE (Groundball, 3, EV 100.6 MPH)
Dan Fletcher to third
Adrián Ramírez to second
Batting: RHB Ken Dunn 0-0: Ball
1-0: Ball
2-0: Fly out, F8 (Flyball, 8RM, EV 90.6 MPH)
Runner from 3rd tags up, OUT at HOME! 8-2
Bottom of the 6th over - 0 runs, 1 hit, 0 errors, 2 left on base; Beloit 0 - Peoria 1
TOP OF THE 7TH
Beloit Snappers batting - Pitching for Peoria Chiefs : RHP José Apellaniz
Pinch Hitting: LHB Bob Wilson 0-0: Fly out, F9 (Flyball, 9, EV 96.9 MPH)
Batting: SHB Pepe Ramos 0-0: Called Strike
0-1: Foul Ball, location: 2F
0-2: Foul Ball, location: 3F
0-2: Ball
1-2: SINGLE (Line Drive, 78M, EV 100.6 MPH)
Batting: LHB Alfredo Ramos 0-0: Ball
1-0: Ball
2-0: DOUBLE (Flyball, 8RXD, EV 97.5 MPH)
Pepe Ramos to third
Runner from 3rd tries for Home, SAFE, no throw by CF
Batting: RHB Reggie Webster 0-0: Foul Ball, location: 2F
0-1: Ball
1-1: Foul Ball, location: 9LDF
1-2: Hit by Pitch
Batting: RHB Ben Schneider 0-0: Called Strike
0-1: Ball
1-1: Ball
2-1: Grounds into double play, 6-4-3 (Groundball, 6, EV 83.8 MPH)
Top of the 7th over - 1 run, 2 hits, 0 errors, 1 left on base; Beloit 1 - Peoria 1
BOTTOM OF THE 7TH
Peoria Chiefs batting - Pitching for Beloit Snappers : LHP Ethan Hale
Now at 3B: Tony Sánchez
Pinch Hitting: RHB Alfredo Ramírez 0-0: Called Strike
0-1: Ball
1-1: Called Strike
1-2: Foul Ball, location: 5SF
1-2: Fly out, F3 (Popup, 34, EV 65.0 MPH)
Batting: RHB Greg Thompson 0-0: Ball
1-0: Ball
2-0: Foul Ball, location: 3DF
2-1: Foul Ball, location: 2F
2-2: Strikes out swinging
Batting: RHB Luis Rodríguez 0-0: Called Strike
0-1: Foul Ball, location: 5DF
0-2: Foul Ball, location: 9LMF
0-2: Ball
1-2: Foul Ball, location: 2F
1-2: Foul Ball, location: 2F
1-2: Fly out, F2 (Popup, 13S, EV 91.9 MPH)
Bottom of the 7th over - 0 runs, 0 hits, 0 errors, 0 left on base; Beloit 1 - Peoria 1
TOP OF THE 8TH
Beloit Snappers batting - Pitching for Peoria Chiefs : RHP José Apellaniz
Pitching: LHP Jeff Kaufman
Now at 2B: Alfredo Ramírez
Now at SS: Walt Nelson
Batting: RHB Merlin Lucas 0-0: Ball
1-0: Called Strike
1-1: Fly out, F7 (Flyball, 78D, EV 106.3 MPH)
Batting: RHB Freddy Murphy 0-0: Ball
1-0: Swinging Strike
1-1: SOLO HOME RUN (Flyball, 7LD, EV 98.1 MPH), Distance : 380 ft
Batting: RHB Norberto Costello 0-0: Ball
1-0: Foul Ball, location: 2F
1-1: Ball
2-1: Swinging Strike
2-2: Ball
3-2: Foul Ball, location: 5FF
3-2: Foul Ball, location: 2F
3-2: Foul Ball, location: 2LF
3-2: Base on Balls
Batting: LHB Manny Huertas 0-0: Fly out, F9 (Flyball, 9D, EV 83.1 MPH)
Batting: RHB Tony Sánchez 0-0: Called Strike
0-1: Ball
1-1: SINGLE (Line Drive, 34D, EV 94.4 MPH)
Norberto Costello to second
Runner from 2nd tries for 3rd, SAFE, throw by RF made to third
Batting: SHB Pepe Ramos 0-0: Ball
1-0: Fielders Choice at 2nd, 4-6 (Groundball, 4MD, EV 99.4 MPH)
Top of the 8th over - 1 run, 2 hits, 0 errors, 2 left on base; Beloit 2 - Peoria 1
BOTTOM OF THE 8TH
Peoria Chiefs batting - Pitching for Beloit Snappers : LHP Ethan Hale
Batting: SHB Wilson Gómez 0-0: Ball
1-0: Called Strike
1-1: Swinging Strike
1-2: Ground out 4-3 (Groundball, 4, EV 108.1 MPH)
Batting: RHB Walt Nelson 0-0: Called Strike
0-1: Ball
1-1: Ball
2-1: Swinging Strike
2-2: Ball
3-2: Strikes out looking
Batting: RHB Dan Fletcher 0-0: Foul Ball, location: 2F
0-1: SINGLE (Line Drive, 8RS, EV 106.9 MPH)
Pitching: RHP Tony Henry
Pinch Hitting: LHB Juan Luis Alou 0-0: Called Strike
0-1: Ball
1-1: Foul Ball, location: 7LSF
1-2: Fielders Choice at 2nd, 6-4 (Groundball, 56, EV 109.4 MPH)
Bottom of the 8th over - 0 runs, 1 hit, 0 errors, 1 left on base; Beloit 2 - Peoria 1
TOP OF THE 9TH
Beloit Snappers batting - Pitching for Peoria Chiefs : LHP Jeff Kaufman
Now in RF: Juan Luis Alou
Batting: LHB Alfredo Ramos 0-0: SINGLE (Groundball, 6S, EV 69.4 MPH) (infield hit)
Batting: RHB Reggie Webster 0-0: Bunted foul
0-1: Ball
1-1: Bunted foul
1-2: Foul Ball, location: 3FF
1-2: Foul Ball, location: 9LMF
1-2: Ball
2-2: SINGLE (Groundball, 34D, EV 95.0 MPH)
Alfredo Ramos to second
Runner from 2nd tries for 3rd, SAFE, throw by RF made to third
Batting: RHB Ben Schneider 0-0: Ball
1-0: Ball
2-0: Called Strike
2-1: Ball
3-1: Foul Ball, location: 2F
3-2: Foul Ball, location: 2F
3-2: Strikes out swinging
Batting: RHB Merlin Lucas 0-0: Ball
1-0: Ball
2-0: Ball
3-0: Called Strike
3-1: Base on Balls
Reggie Webster to second
Batting: RHB Freddy Murphy 0-0: Ball
1-0: Ball
2-0: Foul Ball, location: 3SF
2-1: Called Strike
2-2: Strikes out looking
Batting: RHB Norberto Costello 0-0: Called Strike
0-1: Swinging Strike
0-2: Foul Ball, location: 25F
0-2: Ball
1-2: Ball
2-2: Ball
3-2: Foul Ball, location: 5F
3-2: Foul Ball, location: 2F
3-2: Foul Ball, location: 3F
3-2: Strikes out swinging
Top of the 9th over - 0 runs, 2 hits, 0 errors, 3 left on base; Beloit 2 - Peoria 1
BOTTOM OF THE 9TH
Peoria Chiefs batting - Pitching for Beloit Snappers : RHP Tony Henry
Pitching: LHP Devin Cobb
Now at 1B: Steve Floyd
Now at 2B: Jorge Castillo
Now in RF: Steffen Walker
Batting: RHB Ron Booker 0-0: Swinging Strike
0-1: Foul Ball, location: 2F
0-2: Ball
1-2: Foul Ball, location: 5FF
1-2: Ball
2-2: Fly out, F7 (Flyball, 78S, EV 83.8 MPH)
Pinch Hitting: RHB Jim Giles 0-0: Foul Ball, location: 2F
0-1: Ball
1-1: SINGLE (Line Drive, 4MD, EV 95.0 MPH)
Batting: RHB Alfredo Ramírez 0-0: Fielders Choice at 2nd, 4-6 (Groundball, 4, EV 81.9 MPH)
Batting: RHB Greg Thompson 0-0: Foul Ball, location: 3FF
0-1: SINGLE (Line Drive, 34, EV 95.6 MPH)
Alfredo Ramírez to second
Runner from 2nd tries for 3rd, SAFE, throw by RF made to third
Batting: RHB Luis Rodríguez 0-0: Swinging Strike
0-1: Foul Ball, location: 2F
0-2: Ball
1-2: Ground out 5-3 (Groundball, 56S, EV 82.5 MPH)
Bottom of the 9th over - 0 runs, 2 hits, 0 errors, 2 left on base; Beloit 2 - Peoria 1
Friday, May 3rd , 2024 - OOTP Baseball 24.10 Build 82